 Dungeon Crawl Stone Soup version 0.20.1-1-g8b1a95d66d (webtiles) character file.

2212 Popi the Carver (level 9, -8/68 HPs)
             Began as a Human Fighter on Dec 18, 2017.
             Killed by divine providence
             ... invoked by an orc priest
              (14 damage)
             ... on level 6 of the Dungeon.
             The game lasted 00:21:23 (8283 turns).

Popi the Carver (Human Fighter)                     Turns: 8283, Time: 00:21:24

Health: -8/68      AC: 16    Str: 25    XL:     9   Next: 61%
Magic:  9/9        EV:  9    Int:  8    God:
Gold:   404        SH: 11    Dex: 13    Spells: 8/8 levels left

rFire    . . .     SeeInvis .   a - +1 long sword
rCold    . . .     Gourm    +   c - +0 shield
rNeg     . . .     Faith    .   m - +4 ring mail
rPois    .         Spirit   .   o - +2 hat
rElec    .         Reflect  .   p - +1 cloak
rCorr    .         Harm     .   (no gloves)
MR       .....     Rnd*Tele +   (no boots)
Stlth    +.........             r - amulet of the gourmand
Regen    0.3/turn               v - ring of wizardry (curse)
MPRegen  0.2/turn               g - ring of teleportation (curse)

@: mighty
A: molten scales 1, blurry vision 1, sturdy frame 1
a: no special abilities


You were on level 6 of the Dungeon.
You were very full.

You visited 1 branch of the dungeon, and saw 6 of its levels.

You collected 404 gold pieces.

Inventory:

Hand Weapons
 a - a +1 long sword (weapon)
Armour
 c - a +0 shield (worn)
 m - a +4 ring mail (worn)
 o - a +2 hat (worn)
 p - a +1 cloak (worn)
 t - a +0 plate armour
Jewellery
 g - a cursed ring of teleportation (right hand)
 h - an uncursed ring of fire
 r - an amulet of the gourmand (around neck)
 v - a cursed ring of wizardry (left hand)
 x - an uncursed ring of protection from magic {unknown}
Wands
 n - a wand of iceblast (7/15)
 q - a wand of flame (9/48)
Scrolls
 e - 2 scrolls of remove curse
 k - a scroll of enchant armour
 u - 3 scrolls of identify
Potions
 i - 3 potions of curing
 l - a potion of brilliance
Comestibles
 b - 5 fruits
 f - 5 bread rations
 j - a royal jelly
 s - 2 meat rations
 w - a chunk of flesh


   Skills:
 + Level 5.2 Fighting
 + Level 8.7 Long Blades
 + Level 5.7 Armour
 + Level 6.4 Shields


You had 8 spell levels left.
You didn't know any spells.

Dungeon Overview and Level Annotations

Branches:
Dungeon (6/15)
 Temple: D:4-7

Altars:
Xom


Innate Abilities, Weirdness & Mutations

You are partially covered in molten scales. (AC +2)
Scrolls take you a little longer to read.
Your movements are slightly less encumbered by armour. (ER -2)


Message History

You slash something!
Reactivating autopickup.
You feel a bit more experienced.
The orc priest calls down the wrath of Beogh upon you.
Beogh smites you!
* * * LOW HITPOINT WARNING * * *
The orc priest mumbles some strange prayers to Beogh against you.
You struggle to resist.
Items here: )) [[ †† You closely miss the orc priest.
You block the orc priest's attack.
You completely miss the orc priest.
The orc priest hits you but does no damage.
You block the orc priest's attack.
You closely miss the orc priest. You block the orc priest's attack.
You barely miss the orc priest. You block the orc priest's attack.
You slash the orc priest!
The orc priest is severely wounded.
The orc priest mumbles some strange prayers to Beogh against you.
Beogh smites you!
You die...

###..###.####....
#..((..# .# #
#.###### .# #.# .#
#.# .# #.######## .#
#.##.....# .#
###.##.....##.#.####
#....'†.....@o?.....
######.....##.#.####
####### .# .. ...
...# ...# ...#


You could see an orc priest.

Vanquished Creatures
  The ghost of Popi the Slasher, an amateur HuFi of Trog (D:4)
  An ice beast (D:5)
  2 orc warriors (D:6)
  4 ogres
  A sky beast (D:4)
  A phantom (D:5)
  2 centaurs
  Blork the orc (D:4)
  3 scorpions
  A howler monkey (D:5)
  A centaur zombie (D:5)
  2 hounds
  A jelly (D:6)
  3 orc wizards (D:6)
  4 worker ants
  40 gnolls
  6 adders
  2 adder skeletons (D:4)
  3 worms (D:3)
  3 dart slugs
  5 leopard geckos
  7 orcs
  2 ball pythons
  4 giant cockroaches
  9 hobgoblins
  22 jackals
  11 kobolds
  8 quokkas
  A ball python skeleton (D:5)
  3 bats (D:3)
  5 frilled lizards
  9 goblins
  A jackal skeleton (D:6)
  5 rats
  2 fungi (D:5)
176 creatures vanquished.

Notes
Turn   | Place    | Note
-------+----------+-------------------------------------------
     0 | D:1      | Popi the Human Fighter began the quest for the Orb.
     0 | D:1      | Reached XP level 1. HP: 18/18 MP: 1/1
   148 | D:1      | Reached XP level 2. HP: 24/24 MP: 2/2
   559 | D:1      | Reached XP level 3. HP: 21/29 MP: 3/3
   995 | D:1      | HP: 1/29 [jackal (3)]
  1334 | D:1      | HP: 1/29 [gnoll/whip (4)]
  1335 | D:1      | Reached XP level 4. HP: 1/35 MP: 4/4
  1902 | D:2      | Reached skill level 3 in Long Blades
  1908 | D:2      | Reached XP level 5. HP: 20/41 MP: 5/5
  2400 | D:3      | You fall through a shaft!
  3558 | D:4      | Noticed a sky beast
  3601 | D:4      | Killed a sky beast
  3601 | D:4      | Reached skill level 4 in Long Blades
  3601 | D:4      | Reached XP level 6. HP: 27/47 MP: 6/6
  4151 | D:4      | Noticed Popi's ghost (amateur HuFi)
  4273 | D:3      | Reached XP level 7. HP: 20/54 MP: 7/7
  5344 | D:4      | Reached skill level 5 in Long Blades
  5813 | D:4      | Reached XP level 8. HP: 59/61 MP: 8/8
  5891 | D:4      | Reached skill level 5 in Shields
  5922 | D:4      | Reached skill level 6 in Long Blades
  6090 | D:4      | Got a pitted ring mail
  6093 | D:4      | Identified the cursed +1 ring mail of the Pirate {Regen+} (You found it on level 4 of the Dungeon)
  6103 | D:4      | Gained mutation: Scrolls take you a little longer to read. [potion of mutation]
  6103 | D:4      | Gained mutation: You are partially covered in molten scales. (AC +2) [potion of mutation]
  6103 | D:4      | Gained mutation: Your movements are slightly less encumbered by armour. (ER -2) [potion of mutation]
  6747 | D:4      | Killed Popi's ghost
  6747 | D:4      | Reached skill level 5 in Armour
  6880 | D:5      | Entered Level 5 of the Dungeon
  6880 | D:5      | Noticed Blork the orc
  6919 | D:4      | Killed Blork the orc
  7135 | D:5      | Reached skill level 7 in Long Blades
  7196 | D:5      | Reached XP level 9. HP: 52/67 MP: 9/9
  7642 | D:5      | Reached skill level 5 in Fighting
  7717 | D:5      | Found a shimmering altar of Xom.
  7718 | D:5      | Found a shimmering altar of Xom.
  7718 | D:5      | Found a shimmering altar of Xom.
  7720 | D:5      | Found a shimmering altar of Xom.
  7942 | D:6      | Reached skill level 8 in Long Blades
  8283 | D:6      | Killed from afar by an orc priest

Skill      XL: |  1  2  3  4  5  6  7  8  9 |
---------------+----------------------------+-----
Long Blades    | 3 4 5 7 8 |  8.7
Armour         | 4 5 |  5.7
Shields        | 4 5 6 |  6.4
Fighting       | 4 5 |  5.2

Action                   |  1- 3 |  4- 6 |  7- 9 || total
-------------------------+-------+-------+-------++-------
Melee: Long sword        |    91 |   239 |   552 ||   882
Evoke: Wand              |       |       |     1 ||     1
  Use: Scroll            |       |     4 |     5 ||     9
       Potion            |       |       |     7 ||     7
  Eat: Chunk             |     1 |    19 |    15 ||    35
Armor: Scale mail        |    63 |    11 |       ||    74
       Ring mail         |       |   123 |   255 ||   378
Dodge: Dodged            |    36 |    97 |   162 ||   295
Block: Shield            |    60 |   117 |   299 ||   476
       Rpst.: Long sword |    13 |    29 |    52 ||    94
